 Dungeon Crawl Stone Soup version 0.31-a0-1529-g7bd419a0e5 (webtiles) character file.

Game seed: 1374364325897410444

484 Flugslaktarn the Trooper (level 6, -11/58 HPs)
             Began as a Minotaur Fighter on Jan 1, 2024.
             Mangled by an ogre
             ... wielding a +0 giant spiked club
              (29 damage)
             ... on level 5 of the Dungeon.
             The game lasted 00:01:57 (3875 turns).

Flugslaktarn the Trooper (Minotaur Fighter)         Turns: 3875, Time: 00:01:58

Health: -11/58     AC:  9    Str: 23    XL:     6   Next: 88%
Magic:  5/5        EV:  9    Int:  5    God:
Gold:   198        SH:  4    Dex:  9    Spells: 5/5 levels left

rFire   + . .        a - +0 war axe
rCold   . . .        c - +0 buckler
rNeg    . . .        b - +0 scale mail
rPois   .            (helmet restricted)
rElec   .            j - +0 cloak
rCorr   .            i - +0 pair of gloves
SInv    .            (no boots)
Will    .....        l - amulet of faith Stlth
                     f - ring of protection from fire
HPRegen 0.29/turn    (no ring)
MPRegen 0.09/turn

%: faith
@: no status effects
A: horns 2, retaliatory headbutt
a: no special abilities


You were on level 5 of the Dungeon.
You visited 1 branch of the dungeon, and saw 5 of its levels.

You collected 198 gold pieces.

Inventory:

Hand Weapons
 a - a +0 war axe (weapon)
Armour
 b - a +0 scale mail (worn)
 c - a +0 buckler (worn)
 h - a +0 plate armour
   (You found it on level 3 of the Dungeon)
 i - a +0 pair of gloves (worn)
   (You found it on level 1 of the Dungeon)
 j - a +0 cloak (worn)
   (You found it on level 1 of the Dungeon)
Jewellery
 f - a ring of protection from fire (left hand)
   (You found it on level 2 of the Dungeon)
 g - an amulet of guardian spirit
   (You found it on level 1 of the Dungeon)
 l - an amulet of faith (around neck)
   (You found it on level 1 of the Dungeon)
 v - a +5 ring of evasion
   (You found it on level 4 of the Dungeon)
Scrolls
 d - a scroll of enchant weapon
 k - a scroll of fear
 m - a scroll of vulnerability
 n - 2 scrolls of immolation
 o - a scroll of butterflies
 p - a scroll of revelation {unknown}
 s - a scroll of enchant armour {unknown}
 u - a scroll of blinking {unknown}
 w - a scroll of acquirement {unknown}
Potions
 e - a potion of enlightenment {unknown}
 q - 3 potions of curing
 x - a potion of lignification
 z - 2 potions of haste {unknown}


   Skills:
 * Level 6.5 Fighting
 * Level 6.0 Axes
 + Level 5.2 Armour
 - Level 3.6 Shields


You had 5 spell levels left.
You didn't know any spells.
Your spell library contained the following spells:

 Spells                   Type           Power      Damage    Failure   Level
 Summon Small Mammal      Summ           0%         N/A       83%         1
 Call Canine Familiar     Summ           0%         N/A       99%         3
 Summon Blazeheart Golem  Fire/Summ      0%         N/A       100%        4
 Orb of Destruction       Conj           0%         9d5       100%        7
 Spellforged Servitor     Conj/Summ      0%         N/A       100%        7


Dungeon Overview and Level Annotations

Branches:
Dungeon (5/15)
 Temple: D:4-7

Altars:
Makhleb
Vehumet


Innate Abilities, Weirdness & Mutations

You have a pair of horns on your head.
You reflexively headbutt those who attack you in melee.


Message History

The liquid fire burns you! The bombardier beetle bites you.
You slash the bombardier beetle!
The bombardier beetle is almost dead.
The bombardier beetle bites you.
You closely miss the bombardier beetle.
The bombardier beetle is almost dead.
The bombardier beetle bites you but does no damage.
You hit the bombardier beetle.
The bombardier beetle is almost dead.
You hit the bombardier beetle.
You kill the bombardier beetle!
You cannot move.
You cannot move.
You start resting.
Your transformation is almost over.
You feel less wooden.
Your +0 cloak unmelds from your body.
Your +0 pair of gloves unmelds from your body.
Your +0 scale mail unmelds from your body.
Unknown command.
HP restored.
You see here a bombardier beetle corpse.
Found a stone staircase leading down.
An orc wizard and 2 orcs come into view.
An orc is wielding a +0 flail of protection.
The orc shouts!
The orc wizard shouts!
The orc shouts!
The orc wizard gestures wildly while chanting.
The orc wizard flickers and vanishes!
Deactivating autopickup; reactivate with Ctrl-A.
There are monsters nearby!
There are monsters nearby!
The orc hits you with a +0 flail.
The orc hits you with a +0 flail of protection.
You closely miss the orc. You hit the orc but do no damage.
The orc closely misses you.
You hit the orc.
The orc is moderately wounded.
You hit the orc but do no damage.
The orc hits you with a +0 flail of protection!
The orc hits you but does no damage. The orc barely misses you.
Something hits you but does no damage.
You slash the orc!
You kill the orc!
You hit something. You slash the orc!
You kill the orc!
Something hits you.
No target in view!
No target in view!
There is a strange disturbance nearby!
No target in view!
There is a strange disturbance nearby!
No target in view!
You slash something! Something hits you but does no damage.
No target in view!
You slash something!
Reactivating autopickup.
You feel a bit more experienced.
Your Axes skill increases to level 6!
No target in view!
Things that are here:
a +0 dagger; a +0 robe; an orc corpse No target in view!
There is a stone staircase leading down here.
No target in view!
Things that are here:
a +0 flail of protection; an orc corpse You see here a +0 flail.
n - 2 scrolls of immolation (gained 1)
There is a stone staircase leading down here.
An ogre comes into view. It is wielding a +0 giant spiked club.
The ogre shouts!
An ogre is nearby!
An ogre is nearby!
No target in view!
No target in view!
No target in view!
No target in view!
No target in view!
No target in view!
The ogre hits you with a +0 giant spiked club!!
You barely miss the ogre. You headbutt the ogre!
The ogre is moderately wounded.
The ogre hits you with a +0 giant spiked club!
* * * LOW HITPOINT WARNING * * *
You are too injured to fight recklessly!
You are too injured to fight recklessly!
You hit the ogre. You headbutt the ogre.
The ogre is heavily wounded.
The ogre closely misses you. You furiously retaliate!
You headbutt the ogre. You barely miss the ogre.
The ogre is severely wounded.
The ogre closely misses you.
You hit the ogre.
The ogre is almost dead.
You barely miss the ogre.
The ogre is almost dead.
The ogre hits you with a +0 giant spiked club!!
Ouch! That really hurt!
You die...

#..######.......#...#..
#..# #..###...#♣.♣#..
#..# #..#######...#..
#..# #..#....##8.8###
#.## ##........#...# #
##.# ##.........#♣.8#
#..# ##..^.......#...#
#..# #...........#8.8#
#### ##@.........#...#
#O.............##
...............##
#...##.........###
#..## ##.......## #.#
#.......## ##
##<..##.)## ##.####..##
#. ###.###


You could see an ogre.

Vanquished Creatures
  An ogre (D:4)
  A hound (D:3)
  2 bombardier beetles
  An orc priest (D:4)
  A jelly (D:4)
  An iguana (D:4)
  3 orc wizards
  A gnoll (D:5)
  5 adders
  2 dart slugs
  10 orcs
  7 ball pythons
  3 bats
  6 endoplasms
  A giant cockroach (D:3)
  5 goblins
  11 hobgoblins
  2 jackals (D:4)
  10 kobolds
  A quokka (D:3)
  4 frilled lizards
  6 rats
84 creatures vanquished.

Notes
Turn   | Place    | Note
-------+----------+-------------------------------------------
     0 | D:1      | Flugslaktarn the Minotaur Fighter began the quest for the
                  | Orb.
     0 | D:1      | Reached XP level 1. HP: 19/19 MP: 0/0
   259 | D:1      | Reached XP level 2. HP: 27/27 MP: 1/1
   609 | D:2      | Reached XP level 3. HP: 33/33 MP: 2/2
   748 | D:2      | Found a burning altar of Makhleb.
  1076 | D:2      | Found a faded altar of an unknown god.
  1261 | D:2      | You fall into a shaft and drop 1 floor!
  1276 | D:3      | Reached XP level 4. HP: 41/41 MP: 3/3
  1629 | D:3      | Reached skill level 5 in Fighting
  1832 | D:3      | Reached XP level 5. HP: 48/48 MP: 4/4
  1996 | D:4      | Reached skill level 5 in Axes
  2143 | D:4      | Noticed an ogre
  2148 | D:4      | Killed an ogre
  2149 | D:4      | Reached XP level 6. HP: 45/57 MP: 5/5
  2485 | D:4      | Reached skill level 5 in Armour
  3058 | D:5      | Entered Level 5 of the Dungeon
  3228 | D:5      | HP: 1/58 [gnoll/+0 flail[a gnoll sergeant] (8)]
  3229 | D:5      | Found a radiant altar of Vehumet.
  3875 | D:5      | Mangled by an ogre

Illustrated notes

Levels and vault maps discovered:
D:1:      reono_arrival_forest_river, layout_basic, dreamdust_mushroom_princess
D:2:      layout_basic, shapermc_ecumenical_altar_notcrosses, serial_forest,
          infiniplex_forest_clump_curved, infiniplex_forest_straight_5,
          infiniplex_forest_lined_room_2, infiniplex_forest_lined_3,
          infiniplex_forest_corner_2, infiniplex_forest_clump_small, basic_altar
D:3:      layout_basic, lexackson_kobold_supper
D:4:      layout_basic
D:5:      layout_cave_pods, nicolae_yredelemnul_corpse_copse,
          nicolae_vehumet_radiance, chequers_avenue

Skill      XL: |  1  2  3  4  5  6 |
---------------+-------------------+-----
Fighting       | 4 5 6 |  6.5
Axes           | 3 4 5 6 |  6.0
Armour         | 4 5 |  5.2
Shields        | |  3.6

Action                     |  1- 3 |  4- 6 || total
---------------------------+-------+-------++-------
  Melee: War axe           |    74 |   123 ||   197
         Headbutt          |     8 |    19 ||    27
    Use: Potion            |       |     3 ||     3
         Scroll            |       |     7 ||     7
 Armour: Scale mail        |    56 |    87 ||   143
         Skin              |       |     5 ||     5
  Dodge: Dodged            |    27 |    54 ||    81
  Block: Buckler           |    18 |    25 ||    43

Table legend: (Time is in decaauts)
 A = Elapsed time spent in this place.
 B = Non-inter-level travel time spent in this place.
 C = Inter-level travel time spent in this place.
 D = Time resting spent in this place.
 E = Time spent auto-exploring this place.
 F = Levels seen in this place.
 G = Mean time per level.
                   A        B        C        D        E       F      G
               +--------+--------+--------+--------+--------+-----+--------+
         Total |   3944 |   3836 |    108 |    465 |   2775 |   5 |  788.8 |
       Dungeon |   3944 |   3836 |    108 |    465 |   2775 |   5 |  788.8 |
               +--------+--------+--------+--------+--------+-----+--------+

Top non-repeatable levels by time:
     D:4: 1143 daAuts
     D:5: 823 daAuts
     D:3: 684 daAuts
     D:2: 672 daAuts
     D:1: 619 daAuts
